 Dungeon Crawl Stone Soup version 0.24-a0-530-g18ba70b503 (webtiles) character file.

Game seed: 4501243015156343830

2053 GameOver the Stinger (level 9, 68/68 HPs)
             Began as a Naga Wizard on Aug 7, 2019.
             Was an Initiate of Kikubaaqudgha.
             Got out of the dungeon alive.
             The game lasted 00:34:24 (6000 turns).

GameOver the Stinger (Naga Wizard)                  Turns: 6000, Time: 00:34:24

Health: 68/68      AC:  5    Str: 10    XL:     9   Next: 25%
Magic:  13/13      EV: 10    Int: 22    God:    Kikubaaqudgha [......]
Gold:   770        SH:  6    Dex:  9    Spells: 5/14 levels left

rFire    + + .     SeeInvis +   h - +0 spear
rCold    + . .     Gourm    .   y - +2 buckler {rC+ rF+}
rNeg     . . .     Faith    .   a - +0 robe
rPois    +         Spirit   .   b - +0 hat
rElec    .         Reflect  .   j - +0 cloak
rCorr    .         Harm     .   (no gloves)
MR       +....                  (no barding)
Stlth    +++.......             x - amulet of regeneration
HPRegen  0.61/turn              e - ring of protection from fire
MPRegen  0.13/turn              (no ring)

@: very slow
A: large, see invisible, deformed body, poison resistance, slowness 2, slow
metabolism 1, spit poison 1, AC +3
a: Spit Poison, Renounce Religion


You escaped.
You worshipped Kikubaaqudgha.
Kikubaaqudgha was noncommittal.
You were near starving.

You visited 2 branches of the dungeon, and saw 8 of its levels.

You collected 770 gold pieces.

Inventory:

Hand Weapons
 h - a +0 spear (weapon)
 p - a +0 trident
 w - a +0 hunting sling of flaming
 A - a +0 rapier
 E - a +0 hunting sling of freezing
Missiles
 C - 38 sling bullets
Armour
 a - a +0 robe (worn)
 b - a +0 hat (worn)
 j - a +0 cloak (worn)
 n - a +0 leather armour of cold resistance
 y - a +2 buckler of resistance (worn)
Jewellery
 c - an uncursed ring of protection from fire
 e - a ring of protection from fire (left hand)
 f - an uncursed amulet of rage
 v - a +3 amulet of reflection
 x - an amulet of regeneration (around neck)
Wands
 k - a wand of paralysis (7)
 t - a wand of disintegration (17)
 D - a wand of random effects (7)
Scrolls
 i - 4 scrolls of remove curse
 o - a scroll of enchant armour {unknown}
 s - a scroll of blinking
 u - a scroll of enchant weapon {unknown}
 z - a scroll of fog
 B - 2 scrolls of teleportation
 F - a scroll of magic mapping {unknown}
 G - a scroll of identify {unknown}
Potions
 g - 2 potions of brilliance {unknown}
 l - a potion of cancellation {unknown}
 m - 5 potions of curing {unknown}
 q - a potion of agility {unknown}
 H - a potion of ambrosia {unknown}
 I - a potion of flight {unknown}
 J - a potion of heal wounds {unknown}
Comestibles
 d - 17 rations


   Skills:
 - Level 1.5 Dodging
 - Level 6.0 Stealth
 - Level 3.0 Shields
 - Level 3.0 Spellcasting
 - Level 6.2 Conjurations
   Level 1.0 Summonings
 - Level 1.0 Translocations
 + Level 7.9 Poison Magic
 - Level 6.0 Evocations


You had 5 spell levels left.
You knew the following spells:

 Your Spells              Type           Power        Failure   Level  Hunger
a - Magic Dart            Conj           ####         1%          1    None
b - Blink                 Tloc           N/A          12%         2    ##.....
d - Mephitic Cloud        Conj/Pois/Air  ###.....     5%          3    ###....
f - Conjure Flame         Conj/Fire      ###.....     11%         3    ###....

Your spell library contained the following spells:

 Spells                   Type           Power        Failure   Level  Hunger
 Call Imp                 Summ           #.......     12%         2    ##.....
 Slow                     Hex            #.......     19%         2    ##.....


Dungeon Overview and Level Annotations

Branches:
Dungeon (7/15)             Temple (1/1) D:7

Altars:
Cheibriados
Dithmenos
Elyvilon
Gozag
Hepliaklqana
Kikubaaqudgha
Nemelex Xobeh
Okawaru
Qazlal
Ru
Sif Muna
Trog
Uskayaw
Vehumet
Wu Jian
The Shining One


Innate Abilities, Weirdness & Mutations

You cannot wear boots.
Your serpentine skin is tough. (AC +3)
You have supernaturally acute eyesight. (SInv)
Armour fits poorly on your strangely shaped body.
Your system is resistant to poisons. (rPois)
You cover ground very slowly.
You have a slow metabolism.
You can spit poison.


Message History

You climb upwards.
There is a stone staircase leading down here.
You see here 15 stones.
There is an open door here.
There is a stone staircase leading up here.
You climb upwards.
There is a stone staircase leading down here.
There is a stone staircase leading down here.
There is a stone staircase leading up here.
You climb upwards.
There is a stone staircase leading down here.
There is an open door here.
You enter the shallow water.
Moving in this stuff is going to be slow.
There is a large open door here.
There is a large open door here.
There is a large open door here.
There is a staircase leading out of the dungeon here.
Are you sure you want to leave the Dungeon?
This will make you lose the game!
You have escaped!

........#.####.#################.
...######.# #.# #......#.......
...'......####.####......#.......
...###...................'.......
...# #.#..#########......#.......
...# #.≈≈≈≈≈≈≈≈≈≈≈≈≈≈≈≈≈≈######..
...# #.≈..8..........8..≈# #..
#### #.≈.##############.≈# #..
#.≈8#......@.....#8≈# #..
#.≈.######''######.≈# #.#
#.≈.#............#.≈# #.# ##
#>≈.#§≈≈≈≈..≈§§≈≈#.≈# #.# .#
#.≈.#≈≈§≈≈..≈§§≈≈#.≈# #.. .#
#.≈.#............#.≈# #.. .#
#)≈.######''######.≈# #.. .#
#.≈.#≈≈≈≈≈..≈≈≈≈≈#.≈# #.. .#
#.≈.#≈..........≈#.≈# #..


There were no monsters in sight!

Vanquished Creatures
  An orc warrior (D:6)
  2 sky beasts
  A black bear (D:7)
  2 phantoms
  3 ogres
  A centaur (D:5)
  A bullfrog (D:6)
  A wyvern zombie (D:6)
  3 scorpions
  A wight (D:6)
  2 howler monkeys (D:5)
  2 centaur zombies
  4 crimson imps
  A hound (D:4)
  A jelly (D:7)
  A centaur skeleton (D:7)
  An orc priest (D:5)
  A bullfrog skeleton (D:6)
  5 orc wizards
  An iguana (D:6)
  A worker ant (D:5)
  Terence (D:2)
  2 hound skeletons
  3 gnolls (D:5)
  6 adders
  3 adder skeletons (D:4)
  3 adder zombies
  A worm (D:3)
  A dart slug (D:4)
  9 leopard geckos
  22 orcs
  2 ball pythons (D:2)
  4 bats
  7 giant cockroaches
  8 hobgoblins
  6 jackals
  4 quokkas
  4 frilled lizards
  12 goblins
  A jackal skeleton (D:6)
  11 kobolds
  A leopard gecko skeleton (D:4)
  A leopard gecko zombie (D:6)
  3 rats
151 creatures vanquished.

Vanquished Creatures (others)
  A wizard (D:5)
1 creature vanquished.

Grand Total: 152 creatures vanquished

Notes
Turn   | Place    | Note
-------+----------+-------------------------------------------
     0 | D:1      | GameOver the Naga Wizard began the quest for the Orb.
     0 | D:1      | Reached XP level 1. HP: 15/15 MP: 4/4
   313 | D:1      | Reached XP level 2. HP: 22/22 MP: 4/6
   994 | D:2      | Noticed Terence
  1148 | D:2      | Reached XP level 3. HP: 28/28 MP: 3/7
  1154 | D:2      | Learned a level 2 spell: Blink
  1158 | D:2      | Learned a level 3 spell: Mephitic Cloud
  1619 | D:2      | Found a sparkling altar of Nemelex Xobeh.
  1711 | D:2      | Killed Terence
  1711 | D:2      | Reached XP level 4. HP: 36/36 MP: 4/8
  2021 | D:3      | Reached XP level 5. HP: 34/42 MP: 6/9
  2113 | D:3      | Reached skill level 5 in Conjurations
  2489 | D:4      | Found an opulent altar of Gozag.
  2733 | D:4      | Reached XP level 6. HP: 46/49 MP: 4/10
  3235 | D:5      | Entered Level 5 of the Dungeon
  3235 | D:5      | Noticed a sky beast
  3439 | D:5      | Found a bloodstained altar of Trog.
  3442 | D:5      | Noticed a wizard
  3447 | D:5      | Killed a wizard
  3539 | D:5      | Killed a sky beast
  3539 | D:5      | Reached skill level 1 in Poison Magic
  3539 | D:5      | Reached skill level 1 in Evocations
  3559 | D:5      | Reached skill level 2 in Poison Magic
  3559 | D:5      | Reached XP level 7. HP: 47/55 MP: 7/11
  3671 | D:5      | Reached skill level 5 in Stealth
  3671 | D:5      | Reached skill level 3 in Poison Magic
  3903 | D:5      | Found an iron altar of Okawaru.
  3935 | D:5      | Reached skill level 4 in Poison Magic
  4319 | D:6      | Learned a level 3 spell: Conjure Flame
  4373 | D:6      | Reached XP level 8. HP: 62/62 MP: 7/12
  4463 | D:6      | Reached skill level 1 in Shields
  4513 | D:6      | Reached skill level 5 in Poison Magic
  4873 | D:6      | Reached skill level 6 in Poison Magic
  5387 | D:7      | Reached skill level 5 in Evocations
  5411 | D:7      | Reached skill level 7 in Poison Magic
  5411 | D:7      | Reached XP level 9. HP: 68/68 MP: 4/13
  5565 | D:7      | Found a staircase to the Ecumenical Temple.
  5579 | Temple   | Entered the Ecumenical Temple
  5605 | Temple   | Became a worshipper of Kikubaaqudgha
  6000 | D:$      | Got out of the dungeon alive.

Levels and vault maps discovered:
D:1:      lightli_arrival_isolated_outpost, layout_basic
D:2:      layout_rooms, small_statue_intersection, grunt_ministairs_11,
          serial_bayou_pond_a, nemelex_lonely_heart_becter, uniq_terence
D:3:      layout_basic, saegor_snake_ambush
D:4:      layout_basic, grunt_gozag_statues, first_ration
D:5:      layout_basic, basic_altar, trog_wizard
D:6:      minmay_polygon_palace, layout_basic
D:7:      minmay_clustersquares, layout_basic, minmay_temple_entry_grid,
          enter_bailey_3, grunt_ogre_cave, nicolae_elemental_shop,
          dk_noncrumbling_2
Temple:   grunt_wide_crystal_templ

Skill      XL: |  1  2  3  4  5  6  7  8  9 |
---------------+----------------------------+-----
Conjurations   | 2 3 4 5 6 |  6.2
Poison Magic   | 2 4 7 |  7.9
Evocations     | 1 3 5 6 |  6.0
Stealth        | 4 6 |  6.0
Shields        | 3 |  3.0
Dodging        | |  1.5
Spellcasting   | |  3.0
Summonings     | |  1.0
Translocations | |  1.0

Action                   |  1- 3 |  4- 6 |  7- 9 || total
-------------------------+-------+-------+-------++-------
Melee: Spear             |     4 |    29 |    64 ||    97
 Cast: Magic Dart        |    46 |    77 |    95 ||   218
       Mephitic Cloud    |     1 |     4 |    13 ||    18
       Conjure Flame     |       |       |     9 ||     9
       Blink             |       |       |     1 ||     1
 Abil: Spit Poison       |    35 |    42 |    56 ||   133
Evoke: Wand              |       |       |    14 ||    14
  Use: Scroll            |       |       |     5 ||     5
 Stab: Sleeping          |       |     4 |     1 ||     5
       Confused          |       |     2 |     4 ||     6
  Eat: Chunk             |     4 |     8 |    10 ||    22
Armor: Robe              |     5 |     5 |     9 ||    19
Dodge: Dodged            |     6 |    26 |    29 ||    61
Block: Buckler           |       |       |    13 ||    13

Table legend:
 A = Non-vault XP
 B = Vault XP
 C = Vault XP percentage of total XP
 D = Non-vault monster count
 E = Vault monster count
 F = Vault count percentage of total count
                 A         B        C        D         E       F
            +---------+---------+-------+---------+---------+-------
      Total |    2003 |     931 |  31.7 |     132 |      19 |  12.6
            +---------+---------+-------+---------+---------+-------
        D:1 |      26 |       0 |   0.0 |      17 |       0 |   0.0
        D:2 |      35 |      35 |  50.0 |      20 |       3 |  13.0
        D:3 |     112 |      40 |  26.3 |      23 |       3 |  11.5
        D:4 |      82 |       0 |   0.0 |      14 |       0 |   0.0
        D:5 |     787 |      50 |   6.0 |      31 |       1 |   3.1
        D:6 |     502 |     518 |  50.8 |      20 |       9 |  31.0
        D:7 |     459 |     288 |  38.6 |       7 |       3 |  30.0
            +---------+---------+-------+---------+---------+-------
